[Event "II Open Internacional Ateneo Marítimo (60 Aniversario)"]
[Site "C/La reina 68 (Valencia), Spain"]
[Date "2018.09.15"]
[Round "7.4"]
[White "Sos Andreu, Eric"]
[Black "Torres Sanchez, Jose"]
[Result "1-0"]
[TimeControl "7m+3s por jugada"]
[WhiteFideId "22247017"]
[BlackFideId "2217210"]
[WhiteElo "2332"]
[BlackElo "2290"]

1. d4 d5 2. c4 e6 3. Nf3 Nf6 4. g3 Be7 5. Bg2 O-O 6. O-O dxc4 7.
Ne5 Nc6 8. Bxc6 bxc6 9. Nxc6 Qe8 10. Nxe7+ Qxe7 11. Qa4 c5 12. Qa3 Bb7 13.
Nc3 Rfc8 14. Na4 Nd7 15. Be3 h5 16. Nxc5 Nxc5 17. dxc5 h4 18. Qc3 hxg3 19.
hxg3 Bd5 20. Rad1 Rab8 21. Rd2 f6 22. Bf4 Rb7 23. Bd6 Qf7 24. f3 Qg6 25. e4 Bc6 26.
Qxc4 Kf7 27. Qa6 Rd7 28. Qxc8 Rxd6 29. Qc7+ 1-0

[Event "II Open Internacional Ateneo Marítimo (60 Aniversario)"]
[Site "C/La reina 68 (Valencia), Spain"]
[Date "2018.09.15"]
[Round "7.5"]
[White "Garcia, Jhoel"]
[Black "Ibanez Aullana, Ramon"]
[Result "0-1"]
[TimeControl "7m+3s por jugada"]
[WhiteFideId "3801110"]
[BlackFideId "2207532"]
[WhiteElo "2250"]
[BlackElo "2301"]

1. d4 Nf6 2. c4 e6 3. Nc3 Bb4 4. e3 b6 5. Qc2 Bb7 6. a3 Bxc3+ 7. Qxc3 O-O 8. Nf3 c5 9. dxc5 Ne4 10. Qc2 bxc5 11. Bd3 f5 12. Nd2 Qh4 13. Nxe4 fxe4 14. Bf1 Nc6 15. g3 Qf6 16. Bg2 Ne5 17.
O-O Qh6 18. h3 Rf5 19. b4 Nf3+ 20. Bxf3 exf3 21. h4 Qh5 22. e4 Qg4 23. Kh2 Rh5 24.
Bg5 Rxg5 25. Rh1 Re5 26. Qd2 Rxe4 27. Qxd7 Re2 28. Rhf1 Be4 29. Rad1 Bf5 30. Rh1 Qh3+ 0-1

[Event "II Open Internacional Ateneo Marítimo (60 Aniversario)"]
[Site "C/La reina 68 (Valencia), Spain"]
[Date "2018.09.15"]
[Round "7.6"]
[White "Nieves Cabanes, Jose Manuel"]
[Black "Sanchez Saez, Francisco"]
[Result "0-1"]
[TimeControl "7m+3s por jugada"]
[WhiteFideId "22245715"]
[BlackFideId "2231743"]
[WhiteElo "2278"]
[BlackElo "2332"]

1. Nf3 g6 2. c4 Bg7 3. g3 c5 4. Bg2 Nc6 5. O-O d6 6.
Nc3 Bf5 7. d3 Qd7 8. Nd5 Rc8 9. Re1 Bh3 10. Bh1 h5 11. Nf4 h4 12. Nxh3 hxg3 13. Nf4 gxh2+ 14. Nxh2 e5 15. Bg2 exf4 16. Bxf4 Nf6 17. e3 Ne5 18. Bxe5 dxe5 19. Qb3 O-O 20. Qxb7 Qxb7 21.
Bxb7 Rb8 22. Bc6 Rxb2 23. a4 Rd8 24. Ra3 a5 25. Nf3 Ng4 26. Rf1 Bh6 27. Bd5 Nxf2 28. Nxe5 Bxe3 29. Bxf7+ Kg7 30. Kg2 Ng4+ 31. Kf3 Nxe5+ 32. Kxe3 Nxf7 33. Rf4 Re8+ 34. Re4 Rxe4+ 35. Kxe4 g5 36. Kd5 g4 37. Kxc5 g3 38. d4 g2 39. Rg3+ Kf6 40. d5 Ng5 41.
Rg4 Kf5 0-1

[Event "II Open Internacional Ateneo Marítimo (60 Aniversario)"]
[Site "C/La reina 68 (Valencia), Spain"]
[Date "2018.09.15"]
[Round "7.7"]
[White "Leon Colan, Carlos Edmundo"]
[Black "Granero Roca, Antonio"]
[Result "1/2-1/2"]
[TimeControl "7m+3s por jugada"]
[WhiteFideId "3810364"]
[BlackFideId "2210509"]
[WhiteElo "1975"]
[BlackElo "2370"]

1. d4 Nf6 2. g3 g6 3. Bg2 Bg7 4. e4 d6 5. Ne2 O-O 6. c3 c5 7. O-O Nc6 8. a3 e5 9. d5 Ne7 10. b4 Nd7 11. f3 f5 12. Be3 b6 13. c4 Nf6 14. Nd2 fxe4 15. Nxe4 Nf5 16. Nxf6+ Qxf6 17. Bf2 e4 18. fxe4 Qxa1 19. Qxa1 Bxa1 20. Rxa1 Ne7 21. Nc3 Bd7 22. h3 Rae8 23. g4 Nc8 24. Bg3 g5 25. Re1 Rf7 26. e5 dxe5 27. Rxe5 Rxe5 28. Bxe5 Re7 29. Bf6 Re3 30. bxc5 bxc5 31. Kf2 Re8 32. Ne4 Nb6 33. Bxg5 Rf8+ 34. Kg3 Kg7 35. Be7 Re8 36. Bxc5 Nxc4 37. Bd4+ Kf7 38. Bxa7 Ra8 39. Bc5 Nxa3 40. h4 Ra5 41. Bb4 Ra4 42. Bd6 Nc4 43. Ng5+ Kg8 44. Bf4 Ra3+ 45. Bf3 Nb6 46. d6 Bc6 47. Kf2 Ra2+ 48. Ke1 Ra1+ 49. Kf2 Ra2+ 50. Kg3 Ra3 51. Kf2 Bd7 52.
Be3 Rb3 53. Ne4 Kf7 54. Nc5 Rb2+ 55. Kg3 Rc2 56. g5 Rc3 57. Kf4 Rc4+ 58. Ke5 Rc3 59. Kf4 Rc4+ 60. Ke5 Rb4 61. Bh5+ Kf8 62. g6 hxg6 63. Bh6+ Kg8 64. Bxg6 Rb5 65. Be3 Nc4+ 66. Kf6 Nxe3 67. Nxd7 Nd5+ 68. Ke6 Nf4+ 69. Kf6 Nd5+ 70. Ke6 Kg7 71. Be4 Nf4+ 72. Ke7 Rb2 73. Nc5 Rd2 74. d7 Ng6+ 75. Ke8 Rxd7 76. Nxd7 Nxh4 77. Ke7 Ng6+ 78. Ke6 Nf8+ 79. Nxf8 Kxf8 80. Ke5 Ke8 1/2-1/2